Map: Ever Dream LE

Players

Future - Winner!

  • Race: Terran Terran
  • Spawn Location: 7:00

PiLiPiLi

  • Race: Protoss Protoss
  • League: Grandmaster
  • Spawn Location: 1:00

Event: DreamHack SC2 Masters 2020 Fall

VOD

Have the link to the VOD?

Description

Time

  • Played on: Sept. 6, 2020, 4:18 p.m.
  • Length: 16:00

All games in this series

Show
View Real Time Build Order
Export as new Build Order

Future Terran - Winner!

Build Orders: Reaper Expand 

Get SALT Encoding   

  12  0:00  SCV  
  13  0:12  SCV  
  14  0:17  Supply Depot  
  14  0:24  SCV  
  15  0:38  SCV  
  15  0:40  Barracks  
  16  0:44  Refinery  
  16  0:50  SCV  
  17  1:02  SCV  
  18  1:14  SCV  
  19  1:27  Reaper, Orbital Command  
  20  1:40  Command Center  
  20  1:49  Supply Depot  
  20  1:53  SCV  
  21  1:59  Marine  
  22  2:05  SCV  
  23  2:09  Factory  
  23  2:14  Refinery  
  23  2:17  SCV  
  23  2:21  Barracks Reactor  
  25  2:30  SCV  
  25  2:42  SCV  
  25  2:47  Bunker  
  25  2:52  Hellion  
  25  2:54  SCV, Starport  
  25  2:57  Marine x2  
  30  3:03  Orbital Command  
  30  3:06  SCV  
  31  3:14  Marine, Factory Tech Lab  
  31  3:15  Marine  
  31  3:18  SCV  
  34  3:24  Barracks  
  34  3:30  SCV x2  
  36  3:34  Barracks  
  36  3:40  Raven  
  38  3:42  SCV, Factory Tech Lab  
  38  3:44  SCV  
  40  3:50  Supply Depot  
  40  3:54  SCV  
  41  3:56  SCV, Marine x2  
  44  4:06  SCV  
  44  4:07  Engineering Bay  
  44  4:08  SCV  
  46  4:12  Supply Depot  
  46  4:15  Marine x2  
  48  4:18  SCV  
  48  4:20  SCV  
  48  4:26  Stimpack  
  48  4:30  SCV  
  49  4:31  Refinery  
  49  4:32  SCV, Marine x2  
  49  4:33  Marine x2  
  49  4:35  Terran Infantry Weapons Level 1  
  49  4:38  Supply Depot  
  54  4:42  Starport Reactor, Factory Reactor  
  54  4:44  SCV x2  
  56  4:47  Supply Depot  
  56  4:49  Combat Shield  
  56  4:52  Marine x3  
  59  4:53  Marine  
  59  4:56  SCV  
  59  4:57  SCV  
  62  5:01  Supply Depot  
  62  5:06  Supply Depot  
  62  5:08  SCV  
  62  5:09  SCV  
  62  5:10  Marauder  
  62  5:13  Marauder  
  68  5:17  Marine x2  
  68  5:19  Refinery  
  70  5:21  SCV x2  
  70  5:24  Medivac  
  70  5:25  Medivac  
  76  5:32  Supply Depot  
  76  5:35  Marauder x2  
  78  5:36  Marine  
  78  5:38  Marine  
  78  5:40  Widow Mine  
  78  5:41  Widow Mine  
  84  5:46  Supply Depot  
  84  5:54  Marine  
  84  5:56  Supply Depot, Marauder, Marine  
  84  5:57  Marauder  
  90  6:06  Medivac x2  
  94  6:12  Marine  
  94  6:14  Supply Depot, Marine  
  94  6:18  Marauder x2  
  100  6:19  Widow Mine x2  
  100  6:20  Concussive Shells  
  104  6:29  Terran Infantry Armor Level 1  
  98  6:41  Marauder x2  
  98  6:45  Command Center  
  99  6:52  Medivac x2  
  99  6:54  Widow Mine x2  
  91  7:01  Marine  
  91  7:03  Marauder x2  
  96  7:13  Barracks  
  96  7:15  Barracks  
  96  7:16  SCV x2  
  96  7:25  Marauder x2  
  96  7:26  Marine x2  
  96  7:28  SCV  
  101  7:30  SCV  
  96  7:40  SCV  
  96  7:42  SCV  
  96  7:44  Marine x2  
  96  7:46  Marauder x2  
  102  7:53  SCV, Armory, Engineering Bay  
  102  7:58  Orbital Command  
  97  7:59  SCV  
  97  8:05  SCV, Barracks Tech Lab  
  99  8:06  Barracks Reactor  
  99  8:07  Marine x2  
  99  8:08  Marauder x2  
  99  8:11  Viking, SCV  
  108  8:14  Viking  
  108  8:17  SCV  
  111  8:23  SCV  
  112  8:28  SCV  
  112  8:29  SCV  
  112  8:30  Refinery  
  112  8:31  Refinery  
  112  8:32  Marauder x3  
  112  8:33  Marine x2  
  122  8:37  SCV  
  122  8:40  SCV, Supply Depot  
  122  8:41  SCV, Supply Depot, Ghost Academy  
  125  8:50  SCV  
  125  8:52  SCV  
  125  8:53  SCV  
  128  8:56  Marauder x2  
  128  8:57  Marauder  
  128  8:58  Missile Turret  
  128  9:00  Missile Turret  
  128  9:01  Marine  
  128  9:02  Missile Turret, Marine x3  
  138  9:06  Widow Mine x2  
  138  9:07  Medivac x2  
  138  9:08  Missile Turret  
  145  9:14  Enhanced Shockwaves  
  144  9:18  Ghost  
  144  9:19  Supply Depot, Ghost  
  144  9:20  Supply Depot  
  144  9:24  Ghost  
  148  9:25  Marine x3  
  148  9:27  Marine  
  148  9:29  Widow Mine  
  153  9:45  Widow Mine  
  153  9:46  Liberator x2  
  153  9:47  Marauder  
  153  9:48  Marauder  
  153  9:50  Widow Mine  
  164  9:53  Marauder  
  156  10:03  Orbital Command  
  156  10:04  Marine x2  
  156  10:05  Marine x2  
  152  10:09  Marauder  
  152  10:10  Marauder  
  156  10:14  SCV, Marine  
  158  10:22  Terran Infantry Armor Level 2  
  158  10:23  Terran Infantry Weapons Level 2  
  158  10:25  Marine  
  158  10:26  Marine x3  
  158  10:28  Widow Mine x2  
  164  10:30  Marine  
  150  10:37  Marauder x2  
  153  10:43  Marine x2  
  153  10:44  Marine  
  142  10:53  Widow Mine  
  142  10:54  Widow Mine  
  141  11:02  Marauder x2, Marine x2  
  141  11:03  Marauder, Marine x2  
  143  11:05  Medivac x2  
  147  11:20  Marine x3  
  147  11:24  Marauder x3  
  152  11:30  Marine  
  140  11:35  SCV x2  
  140  11:37  SCV  
  140  11:38  Marine  
  140  11:39  Widow Mine x2  
  146  11:45  Marauder x3  
  146  11:46  Marine x2  
  139  11:54  SCV x2  
  135  11:55  SCV  
  135  11:56  Viking x2  
  135  12:01  Marine x2  
  140  12:04  Marine  
  140  12:06  Ghost  
  140  12:07  Ghost, Missile Turret  
  150  12:10  Ghost  
  152  12:18  Refinery  
  152  12:22  Marine x3  
  150  12:23  Marine  
  153  12:32  Supply Depot  
  153  12:33  Command Center  
  143  12:45  Marauder x3  
  143  12:48  Marine x2  
  143  12:49  Marine  
  148  12:55  Marine  
  149  13:05  Terran Infantry Weapons Level 3  
  149  13:06  Marauder x3, Marine  
  149  13:12  Terran Infantry Armor Level 3  
  156  13:27  Marauder  
  156  13:28  Marauder x2  
  150  13:40  Marine x3  
  150  13:41  Marine  
  154  13:42  Medivac  
  153  13:49  Marauder x3  
  143  13:57  Marine  
  143  14:01  Medivac  
  134  14:05  Widow Mine  
  134  14:06  Widow Mine  
  138  14:10  Marauder x3  
  138  14:12  Medivac  
  138  14:14  SCV x2  
  138  14:15  SCV  
  140  14:28  SCV  
  140  14:31  Medivac  
  139  14:32  Widow Mine  
  139  14:35  Marauder x3, Marine x2  
  141  14:42  Medivac  
  141  14:44  Widow Mine  
  143  14:49  Marine  
  144  14:56  Marauder x2  
  144  14:57  Planetary Fortress  
  144  14:59  Missile Turret  
  146  15:09  Marauder  
  146  15:10  Widow Mine, Marine  
  146  15:11  Widow Mine  
  146  15:12  Marine  
  146  15:13  Marine  
  155  15:20  Medivac x2  
  155  15:24  Ghost  
Show
View Real Time Build Order
Export as new Build Order

PiLiPiLi Protoss 

Build Orders: 1 Gate Expand, Blink Stalkers 

Get SALT Encoding   

  12  0:00  Probe  
  13  0:12  Probe  
  14  0:17  Pylon  
  14  0:24  Probe  
  15  0:37  Probe (Chrono Boost), Gateway  
  16  0:43  Assimilator  
  16  0:47  Probe (Chrono Boost)  
  17  0:53  Probe (Chrono Boost)  
  18  1:04  Probe  
  19  1:17  Probe  
  20  1:21  Nexus  
  20  1:32  Cybernetics Core  
  20  1:35  Probe  
  21  1:40  Assimilator  
  21  1:47  Probe  
  21  1:49  Pylon  
  22  1:59  Probe  
  23  2:06  Stalker (Chrono Boost)  
  23  2:09  Warp Gate  
  23  2:12  Probe  
  26  2:20  Twilight Council  
  25  2:35  Probe  
  25  2:37  Probe  
  26  2:47  Probe  
  26  2:48  Blink (Chrono Boost)  
  26  2:49  Probe  
  28  2:53  Stalker  
  30  2:59  Probe  
  30  3:01  Probe  
  32  3:11  Probe  
  33  3:13  Probe  
  33  3:16  Gateway  
  34  3:22  Robotics Facility  
  34  3:23  Probe  
  34  3:25  Probe  
  36  3:35  Probe  
  36  3:37  Probe  
  38  3:47  Probe  
  39  3:50  Nexus  
  39  3:54  Pylon  
  39  3:56  Probe  
  39  4:02  Probe  
  41  4:03  Stalker  
  41  4:08  Probe  
  45  4:10  Observer (Chrono Boost)  
  45  4:11  Assimilator  
  45  4:15  Stalker  
  47  4:17  Probe  
  47  4:23  Observer (Chrono Boost)  
  49  4:24  Probe  
  49  4:27  Pylon  
  49  4:30  Forge  
  50  4:32  Stalker  
  50  4:34  Probe  
  50  4:38  Probe  
  54  4:40  Charge  
  54  4:44  Observer  
  54  4:46  Probe  
  54  4:47  Observer  
  54  4:51  Probe  
  56  4:53  Pylon  
  56  4:58  Probe  
  57  5:00  Gateway x2  
  57  5:02  Observer  
  57  5:03  Probe  
  57  5:04  Protoss Ground Armor Level 1 (Chrono Boost)  
  59  5:10  Probe  
  59  5:11  Probe  
  61  5:14  Sentry  
  61  5:21  Probe  
  63  5:22  Gateway  
  63  5:24  Gateway  
  63  5:28  Probe x2  
  63  5:34  Probe  
  63  5:39  Shield Battery  
  63  5:40  Probe x2, Immortal (Chrono Boost)  
  69  5:44  Sentry, Zealot  
  69  5:46  Probe  
  69  5:49  Gateway  
  74  5:52  Probe, Gateway  
  74  5:53  Probe  
  74  5:56  Pylon  
  76  5:58  Probe  
  76  6:04  Probe  
  76  6:05  Pylon  
  76  6:07  Gateway  
  76  6:09  Sentry, Zealot  
  81  6:12  Immortal (Chrono Boost)  
  81  6:17  Probe  
  86  6:18  Sentry  
  88  6:27  Pylon  
  88  6:30  Probe  
  88  6:31  Pylon  
  88  6:32  Sentry, Zealot  
  91  6:39  Zealot x2  
  84  6:40  Zealot  
  84  6:42  Pylon, Zealot  
  80  6:47  Zealot x2  
  76  6:54  Zealot  
  76  6:59  Zealot x2  
  76  7:00  Zealot  
  76  7:01  Stalker  
  76  7:02  Protoss Ground Weapons Level 1 (Chrono Boost)  
  76  7:04  Stalker  
  76  7:06  Stalker  
  82  7:18  Stalker x3  
  82  7:21  Zealot  
  90  7:24  Zealot  
  90  7:26  Zealot  
  84  7:36  Zealot x2  
  84  7:37  Probe, Zealot  
  74  7:45  Stalker x3  
  80  7:56  Stalker  
  82  8:09  Probe  
  82  8:11  Sentry, Zealot x2  
  89  8:15  Probe x2  
  91  8:20  Warp Prism (Chrono Boost)  
  93  8:28  Sentry, Zealot x3  
  93  8:33  Stalker  
  103  8:38  Stalker, Zealot  
  107  8:49  Stalker x2  
  107  8:50  Zealot x2  
  115  8:59  Zealot x3  
  115  9:01  Pylon  
  121  9:19  Zealot x6  
  121  9:23  Pylon  
  133  9:43  Zealot x4  
  137  10:06  Protoss Ground Armor Level 2 (Chrono Boost)  
  131  10:07  Warp Prism  
  131  10:08  Stalker x5  
  137  10:16  Zealot x2  
  137  10:19  Pylon  
  141  10:21  Pylon  
  141  10:22  Dark Shrine  
  137  10:38  Sentry x2  
  121  10:51  Zealot x2  
  121  10:52  Zealot x5  
  119  11:03  Observer (Chrono Boost)  
  104  11:06  Zealot x2  
  104  11:07  Probe  
  104  11:08  Probe x2  
  104  11:10  Assimilator  
  109  11:14  Zealot x7, Assimilator  
  123  11:19  Robotics Bay  
  123  11:20  Robotics Facility  
  123  11:21  Immortal (Chrono Boost)  
  117  11:31  Zealot x2  
  99  11:35  Zealot x7  
  87  11:55  Dark Templar  
  87  12:00  Zealot x3  
  95  12:04  Disruptor x2 (Chrono Boost)  
  95  12:06  Observer  
  101  12:11  Assimilator  
  101  12:20  Dark Templar  
  103  12:24  Zealot x7  
  117  12:35  Observer  
  115  12:39  Protoss Ground Weapons Level 2 (Chrono Boost)  
  109  12:47  Disruptor (Chrono Boost)  
  102  13:00  Zealot x6  
  102  13:03  Nexus, Disruptor (Chrono Boost)  
  117  13:05  Pylon  
  117  13:09  Stalker x2  
  121  13:22  Disruptor (Chrono Boost)  
  121  13:25  Stalker x2  
  122  13:37  Stalker, Zealot x3  
  130  13:42  Zealot, Dark Templar  
  122  13:53  Observer (Chrono Boost)  
  101  14:00  Stalker x4  
  101  14:03  Probe x3  
  103  14:15  Dark Templar x3  
  107  14:34  Archon  
  107  14:36  Zealot  
  107  14:37  Zealot x5  
  102  14:59  Dark Templar x4  
  110  15:00  Stalker  
  110  15:05  Archon x2  
  100  15:22  Stalker x4  
  108  15:35  Stalker x3  

Tags
 
Add a new tag
Caveats
  • Supply blocks, unpowered buildings, or Contaminate may cause inaccurate times.
  • Supply counts are checked every 10 seconds.